 Dungeon Crawl Stone Soup version 0.31-a0-986-g5e6e4ef867 (webtiles) character file.

Game seed: 15291700981179886247

94 croobank the Sneak (level 4, 0/27 HPs)
             Began as an Octopode Fire Elementalist on Nov 14, 2023.
             Succumbed to an adder's poison
             ... on level 3 of the Dungeon.
             The game lasted 00:04:55 (2533 turns).

croobank the Sneak (Octopode Fire Elementalist)     Turns: 2533, Time: 00:04:56

Health: 0/27       AC:  1    Str:  4 (7)  XL:     4   Next: 63%
Magic:  6/7        EV: 13    Int: 17 (19) God:
Gold:   71         SH:  0    Dex: 11 (12) Spells: 5/8 levels left

rFire   . . .        c - +0 dagger
rCold   . . .        (no shield)
rNeg    . . .        (helmet restricted)
rPois   .            (no amulet)
rElec   .            (no ring)
rCorr   .            (no ring)
SInv    .            (no ring)
Will    .....        (no ring)
Stlth   +++          (no ring)
HPRegen 0.24/turn    (no ring)
MPRegen 0.10/turn    (no ring)
                     (no ring)

%: no passive effects
@: lethally poisoned (0 -> -1), very slightly contaminated
A: almost no armour, amphibious, 8 rings, camouflage 1, gelatinous body 1,
(nimble swimmer 1), tentacles
a: no special abilities


You were on level 3 of the Dungeon.
You visited 1 branch of the dungeon, and saw 3 of its levels.

You collected 71 gold pieces.

Inventory:

Hand Weapons
 c - a +0 dagger (weapon)
Missiles
 d - 6 atropa-tipped darts
 f - 3 poisoned darts
Armour
 j - a +0 buckler
Scrolls
 g - 3 scrolls of immolation
 i - a scroll of identify {unknown}
Potions
 b - a potion of invisibility


   Skills:
 + Level 0.3 Fighting
 + Level 2.7 Dodging
 + Level 3.8 Stealth
 + Level 2.5 Spellcasting
 + Level 2.0 Conjurations
 + Level 3.5 Fire Magic


You had 5 spell levels left.
You knew the following spells:

 Your Spells              Type           Power      Damage    Failure   Level
a - Foxfire               Conj/Fire      44%        2x1d6     6%          1
b - Scorch                Fire           28%        2d6       7%          2

Your spell library contained the following spells:

 Spells                   Type           Power      Damage    Failure   Level
 Sandblast                Erth           4%         2d4       19%         1
 Inner Flame              Hex/Fire       8%         N/A       26%         3
 Volatile Blastmotes      Fire/Tloc      16%        2d11      26%         3
 Passwall                 Tmut/Erth      1%         N/A       28%         2
 Stone Arrow              Conj/Erth      10%        3d7       36%         3
 Flame Wave               Conj/Fire      11%        2d6       52%         4
 Brom's Barrelling Bould  Conj/Erth      5%         2d3       77%         4


Dungeon Overview and Level Annotations

Branches:
Dungeon (3/15)

Altars:


Innate Abilities, Weirdness & Mutations

You cannot wear most types of armour.
You are amphibious.
You can wear up to eight rings at the same time.
Your skin changes colour to match your surroundings (Stealth+).
Your rubbery body absorbs attacks. (AC +1, EV +1)
((You are camouflaged when in or above water. (Stealth+)))
You have tentacles for arms and can constrict up to eight enemies at once.


Message History

You are too injured to fight recklessly!
Casting: Scorch (safe; 7% risk of failure)
Confirm with . or Enter, or press ? or * to list all spells.
You don't have enough magic to cast this spell.
Casting: Scorch (safe; 7% risk of failure)
Confirm with . or Enter, or press ? or * to list all spells.
You miscast Foxfire.
Nothing appears to happen.
You feel sick.
The adder is no longer more vulnerable to fire.
The adder bites you.
You hit the adder. Your grab misses the adder.
The adder is severely wounded.
You feel sick. The adder completely misses you. The adder bites you.
* * * LOW HITPOINT WARNING * * *
You are more poisoned.
The adder poisons you!
Okay, then.
You aren't carrying any items that you can evoke.
Unknown command.
Magic courses through your body.
You feel sick. The adder bites you.
* * * LOW HITPOINT WARNING * * *
Casting: Foxfire (safe; 6% risk of failure)
Confirm with . or Enter, or press ? or * to list all spells.
Flames lash the adder.
You kill the adder!
* * * LOW HITPOINT WARNING * * *
You feel sick.
Okay, then.
As you read the scroll labelled MUOWEC DERIG, it dissolves into smoke.
It was a scroll of fog.
* * * LOW HITPOINT WARNING * * *
You feel sick.
As you read the scroll labelled LIVONI NECRU, it crumbles to dust.
The air around you briefly surges with heat, but it dissipates.
It was a scroll of immolation.
* * * LOW HITPOINT WARNING * * *
You feel sick.
The air fills with toxic fumes!
As you read the scroll labelled TEAZAN LINANGY, it crumbles to dust.
It was a scroll of poison.
You die...

# #.# ## #.# .# #.#
.###############.#####
.....................#
#.##############.##.##
......... #v§# #
.#.#.#### ####§####
.#.# # #§§@§§..# .#.#
#§8§§§8.# ....
#§§§§§..# ##.#
#§8...8.# .. #§§.....#
## #§8...8.# #§§.<...#
#########


There were no monsters in sight!

Vanquished Creatures
  Robin (D:2)
  2 adders (D:3)
  A worm (D:2)
  2 orcs (D:3)
  6 endoplasms (D:1)
  A giant cockroach (D:3)
  10 goblins
  5 hobgoblins
  2 jackals (D:3)
  3 kobolds (D:1)
  3 quokkas
  8 ball pythons
  4 bats
  5 frilled lizards
  7 rats
60 creatures vanquished.

Vanquished Creatures (others)
  82 foxfires
82 creatures vanquished.

Grand Total: 142 creatures vanquished

Notes
Turn   | Place    | Note
-------+----------+-------------------------------------------
     0 | D:1      | croobank the Octopode Fire Elementalist began the quest for
                  | the Orb.
     0 | D:1      | Reached XP level 1. HP: 11/11 MP: 3/3
     2 | D:1      | Noticed a human
     4 | D:1      | Noticed a demonspawn
     4 | D:1      | Noticed a spriggan
     6 | D:1      | Noticed an ogre
     6 | D:1      | Noticed a ghoul
     8 | D:1      | Noticed a merfolk
    11 | D:1      | Noticed an elf
    11 | D:1      | Noticed an octopode
    13 | D:1      | Noticed a formicid
    13 | D:1      | Noticed a naga
    15 | D:1      | Noticed a minotaur
    15 | D:1      | Noticed a vine stalker
    17 | D:1      | Noticed a vampire
    17 | D:1      | Noticed a troll
    19 | D:1      | Noticed a gargoyle
    19 | D:1      | Noticed an armataur
    21 | D:1      | Noticed a felid
    23 | D:1      | Noticed a draconian
    23 | D:1      | Noticed a tengu
    25 | D:1      | Noticed a demigod
    25 | D:1      | Noticed a naga
    27 | D:1      | Noticed a tengu
    27 | D:1      | Noticed a minotaur
   356 | D:1      | Reached XP level 2. HP: 17/17 MP: 1/5
   460 | D:1      | Learned a level 2 spell: Scorch
   847 | D:1      | Reached XP level 3. HP: 18/21 MP: 6/6
  1428 | D:2      | Noticed Robin
  1451 | D:2      | Killed Robin
  1733 | D:2      | Reached XP level 4. HP: 23/27 MP: 4/7
  2531 | D:3      | HP: 1/27 [poisoned by an adder]
  2533 | D:3      | Succumbed to an adder's poison

Illustrated notes

Levels and vault maps discovered:
D:1:      kb_arrival_jail, layout_basic, patterned_corridor
D:2:      layout_loops_ring, uniq_robin
D:3:      minmay_recursive_quarters, layout_basic, fedhas_ov_isle_minmay,
          lemuel_doored_altar, grunt_ministairs_3

Skill      XL: |  1  2  3  4 |
---------------+-------------+-----
Stealth        | 3 |  3.8
Conjurations   | 2 |  2.0
Fighting       | |  0.3
Dodging        | |  2.7
Spellcasting   | |  2.5
Fire Magic     | |  3.5

Action                     |  1- 3 |  4- 6 || total
---------------------------+-------+-------++-------
  Melee: Unarmed           |     2 |       ||     2
         Constrict         |     8 |     1 ||     9
         Dagger            |    41 |    10 ||    51
         Tentacles         |    10 |       ||    10
   Cast: Foxfire           |    31 |    18 ||    49
         Scorch            |     6 |    10 ||    16
    Use: Potion            |     3 |     1 ||     4
         Scroll            |       |     3 ||     3
   Stab: Sleeping          |     5 |       ||     5
 Armour: Skin              |    16 |    20 ||    36
  Dodge: Dodged            |    31 |    22 ||    53

Table legend: (Time is in decaauts)
 A = Elapsed time spent in this place.
 B = Non-inter-level travel time spent in this place.
 C = Inter-level travel time spent in this place.
 D = Time resting spent in this place.
 E = Time spent auto-exploring this place.
 F = Levels seen in this place.
 G = Mean time per level.
                   A        B        C        D        E       F      G
               +--------+--------+--------+--------+--------+-----+--------+
         Total |   2534 |   2398 |    136 |    712 |   1290 |   3 |  844.7 |
       Dungeon |   2534 |   2398 |    136 |    712 |   1290 |   3 |  844.7 |
               +--------+--------+--------+--------+--------+-----+--------+

Top non-repeatable levels by time:
     D:1: 1260 daAuts
     D:2: 807 daAuts
     D:3: 467 daAuts
